 Dungeon Crawl Stone Soup version 0.31-a0-618-g7ca08c1ff9 (webtiles) character file.

Game seed: 8366055525025697026

3788 RepHenryClay the Basher (level 9, -11/70 HPs)
             Began as a Minotaur Delver on Aug 22, 2023.
             Was a Priest of Makhleb.
             Killed from afar by Erica (24 damage)
             ... with a bolt of poison
             ... on level 8 of the Dungeon.
             The game lasted 00:10:37 (6412 turns).

RepHenryClay the Basher (Minotaur Delver)           Turns: 6412, Time: 00:10:38

Health: -11/70     AC: 12    Str: 22    XL:     9   Next: 95%
Magic:  8/8        EV: 10    Int:  7    God:    Makhleb [***...]
Gold:   391        SH:  5    Dex: 17    Spells: 8/8 levels left

rFire   . . .        a - +0 morningstar
rCold   . . .        (no shield)
rNeg    . . .        j - +0 chain mail
rPois   .            (helmet restricted)
rElec   .            (no cloak)
rCorr   .            (no gloves)
SInv    .            (no boots)
Will    .....        h - amulet of reflection Stlth
                     i - +6 ring of dexterity
HPRegen 0.31/turn    (no ring)
MPRegen 0.11/turn

%: reflection
@: lethally poisoned (-11 -> -22), invisible
A: horns 2, retaliatory headbutt
a: Renounce Religion, Minor Destruction, Lesser Servant of Makhleb


You were on level 8 of the Dungeon.
You worshipped Makhleb.
Makhleb was most pleased with you.
You visited 2 branches of the dungeon, and saw 9 of its levels.

You collected 391 gold pieces.

Inventory:

Hand Weapons
 a - a +0 morningstar (weapon)
 l - a +0 mace
Missiles
 k - 4 poisoned darts (quivered)
 n - a throwing net
Armour
 b - a +0 leather armour
 j - a +0 chain mail (worn)
 u - the +1 ring mail of the Shishi {rPois rN++ Will- Int+2}
   (You found it on level 2 of the Dungeon)

   Int+2:     It affects your intelligence (+2).
   rPois:     It protects you from poison rN++: It greatly protects you from
   negative energy.
   Will-:     It decreases your willpower.
Jewellery
 h - an amulet of reflection (around neck)
 i - a +6 ring of dexterity (left hand)
Wands
 g - a wand of digging (3)
 q - a wand of flame (45)
Scrolls
 c - a scroll of fog
 d - 2 scrolls of revelation
 e - 3 scrolls of fear
 m - 2 scrolls of blinking {unknown}
 p - a scroll of noise {unknown}
 s - a scroll of identify {@r1}
 w - a scroll of immolation {unknown}
 x - a scroll of teleportation {unknown}
 y - a scroll of enchant weapon {unknown}
 A - a scroll of enchant armour
Potions
 f - 5 potions of haste
 o - a potion of enlightenment
 t - 2 potions of might
 v - a potion of invisibility
 z - a potion of mutation
 C - a potion of curing {unknown}


   Skills:
 - Level 3.6 Fighting
 + Level 12.2 Maces & Flails
 + Level 12.0 Armour
 - Level 2.1 Dodging
 - Level 4.1 Stealth


You had 8 spell levels left.
You didn't know any spells.
Your spell library contained the following spells:

 Spells                   Type           Power      Damage    Failure   Level
 Apportation              Tloc           0%         N/A       90%         1
 Necrotise                Necr           0%         1d4       90%         1
 Slow                     Hex            0%         N/A       90%         1
 Summon Small Mammal      Summ           0%         N/A       90%         1
 Sublimation of Blood     Necr           0%         N/A       97%         2
 Confusing Touch          Hex            0%         N/A       99%         3
 Vampiric Draining        Necr           0%         2d6       99%         3
 Petrify                  Tmut/Erth      0%         N/A       100%        4
 Irradiate                Conj/Tmut      0%         3d11      100%        5


Dungeon Overview and Level Annotations

Branches:
Dungeon (8/15)             Temple (1/1) D:4
   Lair: D:8-11

Altars:
Cheibriados
Dithmenos
Elyvilon
Fedhas
Gozag
Hepliaklqana
Kikubaaqudgha
Makhleb
Nemelex Xobeh
Okawaru
Qazlal
Ru
Sif Muna
Trog
Uskayaw
Vehumet
Wu Jian
Xom
Yredelemnul
The Shining One

Annotations:
D:7 1 runed translucent door, rvierbuc's ghost, novice DgCj
D:8 Erica; Maurice


Innate Abilities, Weirdness & Mutations

You have a pair of horns on your head.
You reflexively headbutt those who attack you in melee.


Message History

Something hits you but does no damage.
You sock something! You miss something. You block something's attack.
You closely miss something. Something hits you.
Something steals your ring of fire!
Damage: -7%(-5hp) hp: 78%(54hp)
You puncture something! Something hits you but does no damage.
You puncture something! Something hits you.
Something steals your +2 whip of flaming!
Erica the Fiery-Tempered comes into view.
She is wielding a +3 scimitar of flaming and wearing a +1 robe of willpower.
Damage: -6%(-4hp) hp: 72%(50hp) Erica shouts!
You hit something.
You hear a zap.
A puff of flame appears from out of thin air!
The puff of flame hits you but does no damage.
You barely miss something. Your headbutt misses something.
Something hits you but does no damage.
You closely miss something. Your headbutt misses something.
Erica shouts!
Throw: 6 darts (poison)
Press: ? - help, Q - select action, (/) - cycle Shift-Dir - straight line, f - Erica
Aim: Erica, wielding a +3 scimitar of flaming and wearing a +1 robe of willpower (wandering, unable to see you, hasn't noticed you, 53% to hit)
You throw a poisoned dart. The poisoned dart hits Erica.
Erica is poisoned.
Erica shouts!
Throw: 5 darts (poison)
Press: ? - help, Q - select action, (/) - cycle Shift-Dir - straight line, f/p - Erica
Aim: Erica, wielding a +3 scimitar of flaming and wearing a +1 robe of willpower (unable to see you, poisoned, 53% to hit)
You throw a poisoned dart. The poisoned dart hits Erica.
Erica looks even sicker.
Erica casts a spell at you. The lance of force hits you!!
* * * LOW HITPOINT WARNING * * *
Huge Dmg: -54%(-38hp) hp: 19%(13hp)
Okay, then.
Erica gestures at you while chanting. The bolt of poison hits you!!
You are poisoned.
You die...
Erica begins laughing uncontrollably.

##########
#........#
#........#
#.@......#
#..).....#
#.@.(.....
#.{..(....
#..(..>...
#........#
#.......(#
#........#


You could see Erica (unable to see you, very poisoned).

Vanquished Creatures
  A two-headed ogre (D:8)
  Pikel (D:7)
  2 steam dragons
  Duvessa (D:6)
  2 water moccasins (D:6)
  2 orc warriors (D:6)
  A sky beast (D:7)
  3 black bears
  2 ogres
  2 centaurs (D:7)
  A phantom (D:7)
  A scorpion (D:7)
  A gnoll sergeant (D:5)
  5 wights
  Dowan (D:6)
  A howler monkey (D:6)
  3 jellies
  5 orc priests
  5 hounds
  6 iguanas
  5 orc wizards
  8 gnolls
  5 adders
  A shadow imp (D:6)
  2 ufetubi
  2 worms
  A dart slug (D:4)
  18 orcs
  4 endoplasms
  6 giant cockroaches
  6 goblins
  5 hobgoblins
  7 jackals
  3 quokkas (D:3)
  11 ball pythons
  4 bats
  4 frilled lizards
  5 kobolds
  2 rats (D:1)
145 creatures vanquished.

Vanquished Creatures (collateral kills)
  4 orc priests (D:6)
  3 orcs (D:6)
7 creatures vanquished.

Vanquished Creatures (others)
  A hound (D:5)
1 creature vanquished.

Grand Total: 153 creatures vanquished

Notes
Turn   | Place    | Note
-------+----------+-------------------------------------------
     0 | D:5      | RepHenryClay the Minotaur Delver began the quest for the
                  | Orb.
     0 | D:5      | Reached XP level 1. HP: 19/19 MP: 0/0
    84 | D:5      | Noticed an iguana
    87 | D:6      | Noticed an ogre
   173 | D:5      | Noticed a black bear
   203 | D:5      | Reached skill level 1 in Armour
   203 | D:5      | Reached XP level 2. HP: 6/26 MP: 1/1
   317 | D:4      | Reached XP level 3. HP: 26/31 MP: 2/2
   341 | D:4      | Found a staircase to the Ecumenical Temple.
   355 | Temple   | Entered the Ecumenical Temple
   426 | Temple   | Became a worshipper of Makhleb the Destroyer
   514 | D:4      | Reached XP level 4. HP: 23/39 MP: 3/3
   706 | D:4      | Reached XP level 5. HP: 36/45 MP: 4/4
   835 | D:4      | Reached skill level 5 in Maces & Flails
   866 | D:4      | Noticed a black bear
   879 | D:4      | Killed a black bear
   880 | D:4      | Reached skill level 5 in Armour
   880 | D:4      | Reached XP level 6. HP: 42/51 MP: 5/5
  1121 | D:2      | Reached * piety under Makhleb
  1801 | D:2      | Found a faded altar of an unknown god.
  1982 | D:2      | Identified the +1 ring mail of the Shishi {rPois rN++ Will-
                  | Int+2}
  2334 | D:3      | Reached ** piety under Makhleb
  3144 | D:5      | Reached XP level 7. HP: 56/57 MP: 6/6
  3370 | D:5      | Noticed a steam dragon
  3385 | D:5      | Killed a steam dragon
  3837 | D:6      | Reached XP level 8. HP: 64/64 MP: 7/7
  4459 | D:6      | Noticed Dowan
  4475 | D:6      | Killed Dowan
  4475 | D:6      | Reached *** piety under Makhleb
  4505 | D:6      | Noticed Duvessa
  4517 | D:6      | Killed Duvessa
  4787 | D:6      | Reached skill level 10 in Maces & Flails
  4957 | D:7      | Reached XP level 9. HP: 70/70 MP: 8/8
  4977 | D:6      | Reached skill level 10 in Armour
  5818 | D:7      | Noticed Pikel
  5826 | D:7      | Killed Pikel
  6096 | D:7      | Found a runed translucent door.
  6096 | D:7      | Noticed rvierbuc's ghost (novice DgCj)
  6385 | D:8      | Noticed a two-headed ogre
  6388 | D:8      | Noticed Maurice
  6397 | D:8      | Killed a two-headed ogre
  6405 | D:8      | Noticed Erica
  6412 | D:8      | Killed from afar by Erica

Illustrated notes

Levels and vault maps discovered:
D:1:      beargit_arrival_greenhouse, layout_rooms, serial_corexii_hall,
          corexii_hall_statues_i, chequers_hall_statues_corner_a, nrook_campfire
D:2:      layout_loops_ring, hellmonk_ecumenical_altar_zigzags
D:3:      layout_rooms
D:4:      minmay_razor_zed, layout_basic, minmay_temple_entry_overgrown
D:5:      layout_loops_ring, grunt_decor_arrowhead
D:6:      layout_loops_ring, uniq_duvessa
D:7:      layout_basic, hellmonk_ghost_happy_afterlife, uniq_pikel
D:8:      layout_rooms, uniq_maurice, uniq_erica
Temple:   mainiacjoe_temple_big_plus

Skill      XL: |  1  2  3  4  5  6  7  8  9 |
---------------+----------------------------+-----
Maces & Flails | 3 4 5 6 8 10 12 | 12.2
Armour         | 1 2 3 5 6 7 9 12 | 12.0
Fighting       | |  3.6
Dodging        | |  2.1
Stealth        | |  4.1

Action                     |  1- 3 |  4- 6 |  7- 9 || total
---------------------------+-------+-------+-------++-------
  Melee: Mace              |    28 |     6 |       ||    34
         Headbutt          |     4 |    30 |    36 ||    70
         Morningstar       |       |   167 |   211 ||   378
         Punch             |       |     2 |     5 ||     7
  Throw: Dart              |       |     6 |     8 ||    14
  Evoke: Wand              |       |       |     4 ||     4
    Use: Scroll            |       |       |     5 ||     5
         Potion            |       |       |     5 ||     5
   Stab: Invisible         |       |       |     6 ||     6
 Armour: Chain mail        |    20 |    89 |    86 ||   195
  Dodge: Dodged            |    17 |    75 |    86 ||   178
  Block: Other             |     8 |    54 |    55 ||   117
         Reflection        |     1 |     1 |     1 ||     3

Table legend: (Time is in decaauts)
 A = Elapsed time spent in this place.
 B = Non-inter-level travel time spent in this place.
 C = Inter-level travel time spent in this place.
 D = Time resting spent in this place.
 E = Time spent auto-exploring this place.
 F = Levels seen in this place.
 G = Mean time per level.
                   A        B        C        D        E       F      G
               +--------+--------+--------+--------+--------+-----+--------+
         Total |   6465 |   6124 |    341 |    882 |   4010 |   9 |  718.3 |
       Dungeon |   6307 |   6025 |    282 |    789 |   4010 |   8 |  788.4 |
        Temple |    157 |     98 |     59 |     93 |      0 |   1 |  157.0 |
               +--------+--------+--------+--------+--------+-----+--------+

Top non-repeatable levels by time:
     D:5: 1340 daAuts
     D:6: 1235 daAuts
     D:4: 1205 daAuts
     D:7: 888 daAuts
     D:2: 707 daAuts
     D:1: 521 daAuts
     D:3: 384 daAuts
  Temple: 157 daAuts
     D:8: 25 daAuts
